General information
- name: BNet
- type: Ladder team game (AT/RT)
- host: Battle.net
- saver: I.Trigger.U
map: GolemsInTheMist
- players: 8
- length: 28:45
- speed: Fast
- version: 1.26 W3XP
- replay type: Public
» download(185 KB)
Players
team 1 (loser)

»
q(o_OT) (
blue | 87 APM | 1858 actions | 21:19)
3 Archmage
2 Summon Water Elemental
1 Brilliance Aura
4 Mountain King
2 Storm Bolt
2 Bash
» actions
| Assign group hotkey | 56 | |
| Basic commands | 57 | |
| Build / train | 76 | |
| Enter build submenu | 27 | |
| Enter hero's abilities submenu | 7 | |
| Give item / drop item | 1 | |
| Right click | 1053 | |
| Select / deselect | 255 | |
| Select group hotkey | 256 | |
| Use ability | 70 | |
1858 total
» units
| Peasant | 13 | |
| Footman | 11 | |
| Knight | 7 | |
| Priest | 3 | |
34 total
» upgrades
| Defend | 1 | |
| Masonry | 2 | |
| Lumber Harvesting | 1 | |
| Plating | 3 | |
| Swords | 2 | |
| Animal War Training | 1 | |
| Priest Training | 1 | |
11 total
» buildings
| Farm | 12 | |
| Altar of Kings | 1 | |
| Barracks | 2 | |
| Scout Tower | 3 | |
| Arcane Tower | 1 | |
| Arcane Vault | 1 | |
| Lumber Mill | 1 | |
| Guard Tower | 4 | |
| Keep | 2 | |
| Blacksmith | 1 | |
| Castle | 2 | |
| Arcane Sanctum | 1 | |
| Gryphon Aviary | 2 | |
33 total
» build order
00:11 Farm
00:14 Altar of Kings
00:22 Farm
00:45 Farm
01:01 Barracks
01:38 Farm
01:48 Scout Tower
02:14 Scout Tower
02:17 Arcane Tower
02:49 Arcane Vault
03:05 Lumber Mill
03:48 Farm
04:13 Guard Tower
04:14 Guard Tower
04:15 Keep
04:16 Keep
05:23 Farm
06:08 Scout Tower
06:24 Blacksmith
06:44 Guard Tower
07:37 Castle
09:06 Arcane Sanctum
09:21 Farm
10:19 Farm
10:22 Barracks
13:08 Farm
13:11 Farm
20:05 Farm
20:32 Farm
21:13 Gryphon Aviary
21:16 Gryphon Aviary
» items
| Scroll of Regeneration | 7 | |
| Potion of Healing | 1 | |
| Potion of Mana | 1 | |
| Scroll of Town Portal | 1 | |
10 total
OrcDominance (
teal | 39 APM | 830 actions | 21:17)
6 Tauren Chieftain
3 War Stomp
2 Endurance Aura
1 Reincarnation
» actions
| Assign group hotkey | 6 | |
| Basic commands | 21 | |
| Build / train | 58 | |
| Enter build submenu | 17 | |
| Enter hero's abilities submenu | 7 | |
| Give item / drop item | 1 | |
| Right click | 380 | |
| Select / deselect | 249 | |
| Select group hotkey | 14 | |
| Use ability | 77 | |
830 total
» units
| Peon | 10 | |
| Grunt | 12 | |
| Tauren | 5 | |
| Spirit Walker | 5 | |
32 total
» upgrades
| Melee Weapons | 2 | |
| Armor | 2 | |
| Berserker Strength | 1 | |
| Pillage | 1 | |
| Spirit Walker Training | 2 | |
| Pulverize | 1 | |
9 total
» buildings
| Orc Burrow | 6 | |
| Altar of Storms | 1 | |
| Barracks | 2 | |
| Voodoo Lounge | 2 | |
| War Mill | 1 | |
| Watch Tower | 2 | |
| Stronghold | 5 | |
| Fortress | 1 | |
| Spirit Lodge | 1 | |
| Tauren Totem | 2 | |
23 total
» build order
00:21 Orc Burrow
00:51 Altar of Storms
01:03 Orc Burrow
01:26 Barracks
01:46 Voodoo Lounge
02:02 Voodoo Lounge
02:12 Barracks
02:27 War Mill
03:13 Orc Burrow
03:48 Watch Tower
04:45 Watch Tower
05:40 Stronghold
05:41 Stronghold
06:33 Orc Burrow
08:05 Fortress
08:45 Spirit Lodge
09:55 Orc Burrow
11:49 Tauren Totem
12:26 Tauren Totem
12:58 Orc Burrow
» items
| Lesser Clarity Potion | 1 | |
| Healing Salve | 2 | |
| Orb of Lightning | 1 | |
4 total
Ojuitai (
pink | 56 APM | 1231 actions | 21:47)
6 Mountain King
3 Storm Bolt
2 Bash
1 Avatar
1 Archmage
1 Brilliance Aura
» actions
| Assign group hotkey | 18 | |
| Basic commands | 31 | |
| Build / train | 73 | |
| ESC pressed | 10 | |
| Enter build submenu | 22 | |
| Enter hero's abilities submenu | 7 | |
| Give item / drop item | 1 | |
| Remove unit from queue | 2 | |
| Right click | 538 | |
| Select / deselect | 263 | |
| Select group hotkey | 198 | |
| Use ability | 68 | |
1231 total
» units
| Peasant | 10 | |
| Footman | 5 | |
| Rifleman | 8 | |
| Mortar Team | 2 | |
| Goblin Shredder | 1 | |
| Siege Engine | 6 | |
| Flying Machine | 6 | |
38 total
» upgrades
| Gunpowder | 2 | |
| Armor | 2 | |
| Plating | 1 | |
| Masonry | 2 | |
| Lumber Harvesting | 1 | |
| Flare | 1 | |
| Barrage | 1 | |
| Flying Machine Bombs | 1 | |
| Flak Cannons | 1 | |
| Fragmentation Shards | 2 | |
| Long Rifles | 1 | |
15 total
» buildings
| Altar of Kings | 1 | |
| Barracks | 1 | |
| Farm | 27 | |
| Blacksmith | 1 | |
| Scout Tower | 4 | |
| Arcane Vault | 1 | |
| Arcane Tower | 1 | |
| Keep | 1 | |
| Lumber Mill | 1 | |
| Guard Tower | 2 | |
| Workshop | 2 | |
| Castle | 1 | |
| Town Hall | 1 | |
44 total
» build order
00:07 Altar of Kings
00:17 Barracks
00:26 Farm
01:11 Farm
01:37 Blacksmith
02:11 Scout Tower
02:42 Arcane Vault
02:57 Arcane Tower
03:11 Farm
03:18 Farm
03:20 Farm
03:23 Farm
05:07 Keep
05:12 Lumber Mill
05:28 Farm
05:30 Farm
05:31 Farm
07:23 Scout Tower
07:26 Scout Tower
08:00 Guard Tower
08:06 Workshop
08:10 Workshop
08:33 Guard Tower
09:10 Scout Tower
09:14 Farm
09:17 Farm
10:27 Castle
13:26 Town Hall
15:21 Farm
15:21 Farm
15:22 Farm
15:23 Farm
15:23 Farm
15:24 Farm
15:24 Farm
15:25 Farm
15:25 Farm
15:26 Farm
15:26 Farm
15:27 Farm
15:28 Farm
15:29 Farm
15:30 Farm
15:31 Farm
» items
| Scroll of Regeneration | 3 | |
| Scroll of Town Portal | 1 | |
| Orb of Fire | 1 | |
5 total
GUZZLEROFMEN. (
purple | 47 APM | 1358 actions | 28:43)
3 Blademaster
2 Wind Walk
1 Critical Strike
» actions
| Assign group hotkey | 29 | |
| Basic commands | 2 | |
| Build / train | 77 | |
| Enter build submenu | 25 | |
| Enter hero's abilities submenu | 3 | |
| Give item / drop item | 5 | |
| Right click | 472 | |
| Select / deselect | 243 | |
| Select group hotkey | 422 | |
| Use ability | 80 | |
1358 total
» units
| Peon | 20 | |
| Goblin Shredder | 8 | |
| Wind Rider | 4 | |
| Goblin Zeppelin | 1 | |
| Goblin Sapper | 10 | |
| Raider | 6 | |
49 total
» upgrades
| Ranged Weapons | 2 | |
| Reinforced Defenses | 1 | |
| Envenomed Spears | 1 | |
| Armor | 3 | |
| Ensnare | 1 | |
| Melee Weapons | 1 | |
| Pillage | 1 | |
10 total
» buildings
| Altar of Storms | 1 | |
| Orc Burrow | 6 | |
| Voodoo Lounge | 1 | |
| War Mill | 1 | |
| Stronghold | 2 | |
| Beastiary | 4 | |
| Fortress | 1 | |
| Watch Tower | 32 | |
| Great Hall | 1 | |
49 total
» build order
00:11 Altar of Storms
00:22 Orc Burrow
01:14 Voodoo Lounge
01:36 War Mill
02:12 Stronghold
02:12 Stronghold
02:27 Orc Burrow
02:28 Orc Burrow
02:30 Orc Burrow
04:35 Beastiary
04:36 Beastiary
05:32 Fortress
06:06 Watch Tower
06:07 Watch Tower
08:57 Watch Tower
08:57 Watch Tower
08:58 Watch Tower
09:31 Watch Tower
09:31 Watch Tower
09:31 Watch Tower
09:59 Watch Tower
10:03 Watch Tower
11:20 Watch Tower
11:22 Watch Tower
12:20 Beastiary
12:25 Orc Burrow
12:48 Great Hall
13:21 Watch Tower
13:21 Watch Tower
13:22 Watch Tower
13:22 Watch Tower
13:30 Watch Tower
14:04 Orc Burrow
14:23 Watch Tower
14:24 Watch Tower
14:25 Watch Tower
14:26 Watch Tower
14:28 Watch Tower
14:28 Watch Tower
14:36 Watch Tower
15:43 Beastiary
16:32 Watch Tower
16:33 Watch Tower
16:33 Watch Tower
17:07 Watch Tower
17:07 Watch Tower
17:07 Watch Tower
17:08 Watch Tower
17:08 Watch Tower
» items
| Healing Salve | 2 | |
| Tiny Great Hall | 2 | |
| Orb of Lightning | 1 | |
| Scroll of Town Portal | 1 | |
6 total
team 2 (winner)

»
The_Armpitlord (
yellow | 34 APM | 987 actions | 28:43)
2 Demon Hunter
1 Mana Burn
1 Evasion
» actions
| Assign group hotkey | 19 | |
| Basic commands | 4 | |
| Build / train | 39 | |
| ESC pressed | 2 | |
| Enter build submenu | 12 | |
| Enter hero's abilities submenu | 2 | |
| Give item / drop item | 1 | |
| Remove unit from queue | 2 | |
| Right click | 377 | |
| Select / deselect | 206 | |
| Select group hotkey | 255 | |
| Use ability | 67 | |
987 total
» units
| Wisp | 14 | |
| Archer | 8 | |
| Huntress | 2 | |
| Hippogryph | 2 | |
| Faerie Dragon | 1 | |
27 total
» upgrades
| Strength of the Wild | 1 | |
| Reinforced Hides | 1 | |
2 total
» buildings
| Altar of Elders | 1 | |
| Moon Well | 5 | |
| Ancient of War | 1 | |
| Ancient of Wonders | 1 | |
| Tree of Ages | 1 | |
| Hunter's Hall | 1 | |
| Tree of Eternity | 1 | |
| Ancient of Wind | 1 | |
| Chimaera Roost | 2 | |
14 total
» build order
00:09 Altar of Elders
00:21 Moon Well
00:34 Ancient of War
01:41 Moon Well
02:09 Ancient of Wonders
02:36 Moon Well
04:01 Tree of Ages
04:30 Hunter's Hall
05:11 Moon Well
06:23 Tree of Eternity
07:13 Ancient of Wind
09:13 Chimaera Roost
09:19 Chimaera Roost
11:14 Moon Well
» items
| Dust of Appearance | 1 | |
| Scroll of Town Portal | 1 | |
| Staff of Preservation | 1 | |
3 total

»
NY.Yankees (
red | 48 APM | 1106 actions | 23:12)
3 Blademaster
1 Wind Walk
2 Critical Strike
2 Shadow Hunter
1 Healing Wave
1 Hex
2 Tauren Chieftain
1 Endurance Aura
1 War Stomp
» actions
| Assign group hotkey | 16 | |
| Build / train | 69 | |
| ESC pressed | 1 | |
| Enter build submenu | 25 | |
| Enter hero's abilities submenu | 7 | |
| Give item / drop item | 1 | |
| Remove unit from queue | 1 | |
| Right click | 457 | |
| Select / deselect | 287 | |
| Select group hotkey | 169 | |
| Use ability | 72 | |
1106 total
» units
| Peon | 10 | |
| Goblin Shredder | 1 | |
| Kodo Beast | 3 | |
| Shaman | 10 | |
| Tauren | 4 | |
| Troll Witch Doctor | 2 | |
| Troll Batrider | 3 | |
33 total
» upgrades
| Armor | 3 | |
| Spiked Barricades | 1 | |
| Shaman Training | 2 | |
| War Drums Damage Increase | 1 | |
| Reinforced Defenses | 1 | |
| Pulverize | 1 | |
| Witch Doctor Training | 2 | |
| Spirit Walker Training | 2 | |
13 total
» buildings
| Altar of Storms | 1 | |
| Orc Burrow | 6 | |
| Voodoo Lounge | 1 | |
| War Mill | 1 | |
| Stronghold | 1 | |
| Barracks | 1 | |
| Watch Tower | 6 | |
| Fortress | 1 | |
| Spirit Lodge | 2 | |
| Beastiary | 1 | |
| Tauren Totem | 1 | |
| Great Hall | 1 | |
23 total
» build order
00:12 Altar of Storms
00:16 Orc Burrow
01:38 Voodoo Lounge
02:06 War Mill
02:18 Orc Burrow
02:50 Stronghold
02:55 Barracks
03:49 Watch Tower
03:54 Watch Tower
05:18 Fortress
06:05 Spirit Lodge
06:09 Spirit Lodge
06:13 Beastiary
06:18 Orc Burrow
08:18 Tauren Totem
09:04 Orc Burrow
09:07 Orc Burrow
11:38 Watch Tower
11:49 Watch Tower
12:57 Watch Tower
13:00 Watch Tower
13:56 Great Hall
15:46 Orc Burrow
» items
| Healing Salve | 1 | |
| Lesser Clarity Potion | 3 | |
| Potion of Healing | 4 | |
| Potion of Mana | 1 | |
9 total
I.Trigger.U (
green | 91 APM | 2628 actions | 28:45)
6 Mountain King
3 Storm Bolt
2 Bash
1 Avatar
» actions
| Assign group hotkey | 75 | |
| Basic commands | 226 | |
| Build / train | 165 | |
| ESC pressed | 6 | |
| Enter build submenu | 58 | |
| Enter hero's abilities submenu | 6 | |
| Right click | 961 | |
| Select / deselect | 332 | |
| Select group hotkey | 658 | |
| Use ability | 141 | |
2628 total
» units
| Peasant | 28 | |
| Footman | 5 | |
| Goblin Zeppelin | 2 | |
| Dragonhawk Rider | 2 | |
| Goblin Shredder | 3 | |
| Gryphon Rider | 11 | |
51 total
» upgrades
| Masonry | 1 | |
| Defend | 1 | |
| Swords | 3 | |
| Animal War Training | 1 | |
| Storm Hammers | 1 | |
| Cloud | 1 | |
| Armor | 3 | |
11 total
» buildings
| Altar of Kings | 1 | |
| Barracks | 1 | |
| Farm | 11 | |
| Arcane Vault | 2 | |
| Lumber Mill | 1 | |
| Keep | 6 | |
| Scout Tower | 33 | |
| Guard Tower | 52 | |
| Blacksmith | 1 | |
| Gryphon Aviary | 4 | |
| Town Hall | 3 | |
| Castle | 3 | |
118 total
» build order
00:49 Altar of Kings
00:56 Barracks
00:57 Farm
01:05 Farm
01:29 Farm
02:11 Farm
02:25 Arcane Vault
02:39 Lumber Mill
03:51 Keep
03:51 Keep
03:55 Scout Tower
04:02 Scout Tower
04:07 Scout Tower
04:57 Guard Tower
06:01 Blacksmith
06:18 Farm
07:10 Gryphon Aviary
07:11 Gryphon Aviary
07:16 Scout Tower
07:18 Scout Tower
07:20 Scout Tower
07:22 Scout Tower
07:23 Scout Tower
07:46 Guard Tower
07:46 Guard Tower
07:46 Guard Tower
07:48 Guard Tower
07:48 Guard Tower
07:49 Guard Tower
07:49 Guard Tower
07:49 Guard Tower
07:50 Guard Tower
07:50 Guard Tower
07:51 Guard Tower
07:54 Town Hall
07:56 Scout Tower
08:00 Scout Tower
08:02 Scout Tower
08:04 Scout Tower
08:27 Guard Tower
08:27 Guard Tower
08:27 Guard Tower
08:30 Guard Tower
08:30 Guard Tower
08:30 Guard Tower
08:31 Guard Tower
08:31 Guard Tower
08:46 Guard Tower
08:48 Scout Tower
08:56 Scout Tower
08:57 Scout Tower
09:03 Scout Tower
09:04 Scout Tower
09:10 Scout Tower
09:11 Scout Tower
09:11 Scout Tower
09:12 Scout Tower
09:31 Guard Tower
09:32 Guard Tower
09:36 Arcane Vault
09:37 Scout Tower
09:42 Guard Tower
09:43 Guard Tower
09:43 Guard Tower
09:47 Guard Tower
10:38 Castle
10:39 Castle
10:47 Gryphon Aviary
10:49 Gryphon Aviary
11:52 Scout Tower
13:03 Guard Tower
13:04 Guard Tower
13:07 Scout Tower
13:14 Town Hall
13:26 Town Hall
13:54 Scout Tower
15:20 Guard Tower
15:20 Guard Tower
15:20 Guard Tower
15:21 Keep
15:21 Keep
15:21 Keep
17:22 Guard Tower
17:25 Scout Tower
17:29 Scout Tower
17:53 Farm
17:54 Farm
17:55 Farm
18:00 Scout Tower
18:01 Scout Tower
18:02 Scout Tower
18:03 Scout Tower
18:05 Scout Tower
18:07 Scout Tower
18:39 Guard Tower
18:40 Guard Tower
21:29 Guard Tower
21:29 Guard Tower
21:30 Guard Tower
24:10 Farm
24:10 Farm
24:11 Farm
» items
| Lesser Clarity Potion | 3 | |
| Scroll of Regeneration | 8 | |
| Scroll of Town Portal | 2 | |
| Staff of Sanctuary | 1 | |
| Orb of Lightning | 1 | |
| Tiny Great Hall | 1 | |
16 total
MamasBoyJake (
orange | 48 APM | 1383 actions | 28:43)
7 Archmage
3 Summon Water Elemental
3 Brilliance Aura
1 Mass Teleport
» actions
| Assign group hotkey | 75 | |
| Basic commands | 155 | |
| Build / train | 72 | |
| Enter build submenu | 38 | |
| Enter hero's abilities submenu | 7 | |
| Remove unit from queue | 1 | |
| Right click | 421 | |
| Select / deselect | 333 | |
| Select group hotkey | 177 | |
| Use ability | 104 | |
1383 total
» units
| Peasant | 12 | |
| Footman | 5 | |
| Goblin Shredder | 1 | |
| Goblin Zeppelin | 1 | |
| Gryphon Rider | 7 | |
| Goblin Sapper | 3 | |
29 total
» upgrades
| Masonry | 3 | |
| Swords | 3 | |
| Armor | 3 | |
| Animal War Training | 1 | |
| Storm Hammers | 1 | |
| Cloud | 1 | |
12 total
» buildings
| Altar of Kings | 1 | |
| Barracks | 1 | |
| Farm | 12 | |
| Lumber Mill | 1 | |
| Keep | 1 | |
| Arcane Vault | 1 | |
| Castle | 1 | |
| Town Hall | 1 | |
| Gryphon Aviary | 5 | |
| Blacksmith | 2 | |
| Scout Tower | 18 | |
| Guard Tower | 6 | |
50 total
» build order
00:38 Altar of Kings
00:39 Barracks
00:51 Farm
00:52 Farm
01:05 Farm
01:34 Farm
03:46 Lumber Mill
03:47 Keep
03:50 Farm
05:53 Arcane Vault
06:30 Castle
08:22 Town Hall
09:36 Gryphon Aviary
09:36 Gryphon Aviary
09:36 Gryphon Aviary
09:37 Gryphon Aviary
09:40 Blacksmith
09:42 Blacksmith
11:52 Gryphon Aviary
13:18 Scout Tower
13:19 Scout Tower
13:19 Scout Tower
13:20 Scout Tower
13:23 Scout Tower
13:28 Scout Tower
13:29 Scout Tower
13:30 Scout Tower
13:31 Scout Tower
13:59 Guard Tower
14:02 Guard Tower
14:03 Guard Tower
14:32 Guard Tower
14:38 Scout Tower
14:39 Scout Tower
14:40 Scout Tower
14:42 Scout Tower
14:44 Scout Tower
14:45 Scout Tower
14:46 Scout Tower
14:48 Scout Tower
14:48 Scout Tower
15:16 Farm
15:17 Farm
15:19 Farm
15:20 Farm
15:22 Guard Tower
17:10 Guard Tower
18:24 Farm
18:24 Farm
18:25 Farm
» items
| Scroll of Regeneration | 3 | |
| Mechanical Critter | 4 | |
| Scroll of Town Portal | 3 | |
| Potion of Healing | 4 | |
14 total
Chat log
(00:05 / All) q(o_OT): sup yank
(00:08 / All) I.Trigger.U: do you pricks all have northshire vetoed?
(00:19 / All) NY.Yankees: hey
(00:28 / All) MamasBoyJake: Kid Rock is a yank, he ain't no son of Hank
(01:02 / Allies) NY.Yankees: we rush?
(01:08 / Allies) MamasBoyJake: I not rush
(01:09 / Allies) MamasBoyJake: EVER
(01:12 / Allies) I.Trigger.U: Me neither
(01:14 / Allies) I.Trigger.U: FUCK YOUR RUSH
(03:13 / All) GUZZLEROFMEN.: would prefer this map have been replaced at reset; tired of it
(03:24 / All) q(o_OT): its better than friends
(03:26 / All) q(o_OT): XD
(03:36 / All) GUZZLEROFMEN.: friends is chaotic
(03:45 / All) The_Armpitlord: wish they had gold rush
(03:55 / Allies) The_Armpitlord: take
(04:03 / All) GUZZLEROFMEN.: gold rush over cherryville and it would have been perfect
(05:32 / Allies) NY.Yankees: stole their shredder
(05:47 / Allies) I.Trigger.U: nice
(06:38 / Allies) I.Trigger.U: gonna try to tower top mid
(08:07 / Allies) The_Armpitlord: like 20 grunts
(08:21 / Allies) I.Trigger.U: come
(08:36 / Allies) The_Armpitlord: omw
(09:08 / Allies) I.Trigger.U: take some of my lumber peasants
(09:18 / Allies) I.Trigger.U: you need to share too
(10:09 / Allies) I.Trigger.U: gold me
(10:21 / Allies) I.Trigger.U: ty
(12:10 / Allies) NY.Yankees: gold pls
(12:29 / Allies) NY.Yankees: ty
(15:34 / Allies) MamasBoyJake: hit and run blue then tp to my base
(15:36 / Allies) I.Trigger.U: I got cloud
(15:49 / Allies) MamasBoyJake: cloud
(16:56 / Allies) MamasBoyJake: b
(18:54 / Allies) MamasBoyJake: ytou hit teal
(18:56 / Allies) MamasBoyJake: I'll help red
(18:58 / Allies) I.Trigger.U: kk
(20:05 / Allies) I.Trigger.U: nice
(21:03 / All) MamasBoyJake: bad luck m8
(21:04 / All) I.Trigger.U: orc dominated
(21:46 / All) Ojuitai: gg
(21:59 / All) MamasBoyJake: lol
(22:29 / All) GUZZLEROFMEN.: freaking babies
(22:36 / Allies) NY.Yankees: thanks green
(22:46 / Allies) I.Trigger.U: you're welcome for the loss
(22:55 / Allies) NY.Yankees: lol
(23:01 / Allies) NY.Yankees: i dont care if i lose
(23:05 / Allies) I.Trigger.U: sure
(23:09 / All) NY.Yankees: lol
(23:15 / All) MamasBoyJake: lawl
(23:20 / All) MamasBoyJake: I say you team lose
(23:24 / All) MamasBoyJake: 3 of them but let's stats
(23:30 / All) MamasBoyJake: oh yeahllow still here
(23:31 / All) I.Trigger.U: Yellow here but he's noob
(23:40 / All) I.Trigger.U: 15-14
(23:46 / All) MamasBoyJake: he's probably rank 5 lol
(24:22 / All) I.Trigger.U: Red 14-14
(24:28 / All) I.Trigger.U: Teal 21-18
(24:52 / All) I.Trigger.U: 8-6 blue
(24:56 / All) MamasBoyJake: Yellow leave and you get a tie
(24:58 / All) MamasBoyJake: Stay and you lose
(26:51 / All) MamasBoyJake: why did your team bitch out
(26:58 / All) MamasBoyJake: you probably have like 20k
(27:05 / All) I.Trigger.U: he got 15k
(27:13 / All) GUZZLEROFMEN.: only 15k suprrisngly
(27:21 / All) MamasBoyJake: well you just bought units
(28:00 / All) I.Trigger.U: Jake you're GUZZLEROFMEN. did someone else take it without the full stop?
(28:17 / All) GUZZLEROFMEN.: wat
(28:31 / All) I.Trigger.U: why GUZZLEROFMEN. rather than GUZZLEROFMEN
(28:33 / All) I.Trigger.U: is that a popular name